 Dungeon Crawl Stone Soup version 0.28-a0-773-g130ae17fe5 (webtiles) character file.

Game seed: 8966746432658140817

36 blank1 the Skirmisher (level 3, 0/33 HPs)
             Began as a Minotaur Fighter on Nov 2, 2021.
             Slain by an ogre (14 damage)
             ... on level 2 of the Dungeon.
             The game lasted 00:01:07 (1185 turns).

blank1 the Skirmisher (Minotaur Fighter)            Turns: 1185, Time: 00:01:07

Health: 0/33       AC:  9    Str: 21    XL:     3   Next: 19%
Magic:  2/2        EV:  8    Int:  5    God:
Gold:   29         SH:  4    Dex:  9    Spells: 2/2 levels left

rFire   . . .      SeeInvis .   a - +0 flail
rCold   . . .      Faith    .   c - +0 buckler
rNeg    . . .      Spirit   .   f - +0 chain mail
rPois   .          Reflect  .   (helmet restricted)
rElec   .          Harm     .   (no cloak)
rCorr   .          Rampage  .   (no gloves)
Will    .....                   (no boots)
Stlth   ..........              (no amulet)
HPRegen 0.11/turn               (no ring)
MPRegen 0.08/turn               (no ring)

@: no status effects
A: horns 2, retaliatory headbutt
a: no special abilities


You were on level 2 of the Dungeon.
You visited 1 branch of the dungeon, and saw 2 of its levels.

You collected 29 gold pieces.

Inventory:

Hand Weapons
 a - a +0 flail (weapon)
Armour
 c - a +0 buckler (worn)
 f - a +0 chain mail (worn)
Scrolls
 b - a scroll of identify {unknown}
 e - a scroll of fear {unknown}
Potions
 d - a potion of might


   Skills:
 - Level 4.0 Fighting
 + Level 2.9 Maces & Flails
 - Level 4.0 Armour
 + Level 1.4 Dodging
 - Level 4.0 Shields


You had 2 spell levels left.
You didn't know any spells.
Your spell library was empty.

Dungeon Overview and Level Annotations

Branches:
Dungeon (2/15)

Altars:


Innate Abilities, Weirdness & Mutations

You have a pair of horns on your head.
You reflexively headbutt those who attack you in melee.


Message History

Found 23 stones.
An adder is nearby!
An ogre comes into view. It is wielding a +0 giant club.
The ogre shouts!
The adder closely misses you. The adder bites you.
You are poisoned.
The adder poisons you!
You feel sick.
You closely miss the adder.
You feel sick. The adder bites you. The adder bites you but does no damage.
You hit the adder.
The adder is heavily wounded.
You feel sick. The adder barely misses you. You furiously retaliate!
You headbutt the adder, but do no damage.
The adder bites you but does no damage.
You hit the adder.
The adder is severely wounded.
You feel sick. The adder barely misses you. You furiously retaliate!
You headbutt the adder. The adder bites you but does no damage.
You sock the adder!
You kill the adder!
You feel sick.
You are no longer poisoned.
Training target 4.0 for Armour reached!
Training target 4.0 for Shields reached!
Your Armour skill increases to level 4!
Your Shields skill increases to level 4!
You have reached level 3!
Your experience leads to an increase in your attributes!
Increase (S)trength, (I)ntelligence, or (D)exterity?
You feel stronger.
You barely miss the ogre. The ogre hits you with a +0 giant club.
You barely miss the ogre. You headbutt the ogre!
The ogre is heavily wounded.
The ogre hits you with a +0 giant club.
You hit the ogre but do no damage.
The ogre is heavily wounded.
The ogre hits you with a +0 giant club!
You die...

.# .# .. #.#+##. #.
....... .#.......
.O...$...
#############........
#....................
#.###########.####.#
#.# #......@O..# #.#
#.####.###.# #.# #.
..# #.# #. .... #.#
#. #..## #.# .. (..
#.# .. #.## #.# ..
######.#


You could see an ogre.

Vanquished Creatures
  An adder (D:2)
  A dart slug (D:1)
  An endoplasm (D:1)
  A giant cockroach (D:2)
  2 hobgoblins (D:1)
  4 jackals (D:1)
  A quokka (D:1)
  2 ball pythons (D:1)
  4 frilled lizards (D:1)
  6 kobolds (D:1)
  2 rats (D:1)
25 creatures vanquished.

Vanquished Creatures (others)
  15 plants (D:1)
15 creatures vanquished.

Grand Total: 40 creatures vanquished

Notes
Turn   | Place    | Note
-------+----------+-------------------------------------------
     0 | D:1      | blank1 the Minotaur Fighter began the quest for the Orb.
     0 | D:1      | Reached XP level 1. HP: 19/19 MP: 0/0
   485 | D:1      | Reached XP level 2. HP: 27/27 MP: 1/1
   699 | D:1      | Found a faded altar of an unknown god.
   971 | D:1      | Reached skill level 1 in Dodging
  1176 | D:2      | Noticed an ogre
  1183 | D:2      | Reached XP level 3. HP: 18/33 MP: 2/2
  1185 | D:2      | Slain by an ogre

Illustrated notes

Levels and vault maps discovered:
D:1:      saegor_arrival_under_anarchy, layout_loops_corners,
          dilly_ecumenical_altar_fadedgnrine, lexackson_kobold_supper
D:2:      layout_basic, basic_altar, minivault_24, nrook_mini_backslash,
          lemuel_another_geyser

Skill      XL: |  1  2 |
---------------+-------+-----
Dodging        | 1 |  1.4
Fighting       | 4 |  4.0
Armour         | 4 |  4.0
Shields        | 4 |  4.0
Maces & Flails | |  2.9

Action                   || total
-------------------------++-------
Melee: Flail             ||    65
       Headbutt          ||    12
Armor: Chain mail        ||    32
       Scale mail        ||     1
Dodge: Dodged            ||    14
Block: Buckler           ||    12

Table legend: (Time is in decaauts)
 A = Elapsed time spent in this place.
 B = Non-inter-level travel time spent in this place.
 C = Inter-level travel time spent in this place.
 D = Time resting spent in this place.
 E = Time spent auto-exploring this place.
 F = Levels seen in this place.
 G = Mean time per level.
                   A        B        C        D        E       F      G
               +--------+--------+--------+--------+--------+-----+--------+
         Total |   1202 |   1166 |     36 |      0 |   1008 |   2 |  601.0 |
       Dungeon |   1202 |   1166 |     36 |      0 |   1008 |   2 |  601.0 |
               +--------+--------+--------+--------+--------+-----+--------+

Top non-repeatable levels by time:
     D:1: 1108 daAuts
     D:2: 93 daAuts
